Map: Triton LE

Players

ShoWTimE - Winner!

  • Race: Protoss Protoss
  • League: Grandmaster
  • Spawn Location: 11:00

BlyOnFire (Bly)

  • Race: Zerg Zerg
  • League: Grandmaster
  • Spawn Location: 5:00

Event: HomeStory Cup XX

VOD

Have the link to the VOD?

Description

Time

  • Played on: Nov. 22, 2019, 11:49 a.m.
  • Length: 11:52

All games in this series

Show
View Real Time Build Order
Export as new Build Order

ShoWTimE Protoss - Winner!

Build Orders: Oracle Opening, Archon Immortal 

Get SALT Encoding   

  12  0:00  Probe  
  13  0:12  Probe  
  14  0:19  Pylon  
  14  0:24  Probe  
  15  0:33  Probe  
  15  0:39  Gateway  
  15  0:41  Probe  
  16  0:46  Assimilator  
  17  0:51  Probe  
  18  1:03  Probe  
  19  1:15  Probe  
  20  1:26  Cybernetics Core  
  20  1:30  Probe  
  20  1:32  Pylon  
  21  1:45  Nexus  
  21  1:48  Probe  
  21  1:52  Assimilator  
  21  1:53  Adept  
  22  2:00  Probe  
  25  2:12  Probe  
  26  2:20  Stargate  
  26  2:24  Probe  
  26  2:25  Adept  
  29  2:35  Warp Gate  
  29  2:36  Probe  
  30  2:48  Probe  
  31  2:55  Probe  
  31  2:56  Adept, Probe  
  33  3:02  Oracle  
  33  3:03  Probe  
  33  3:04  Probe  
  40  3:13  Probe  
  40  3:14  Probe  
  42  3:23  Pylon  
  42  3:25  Probe  
  42  3:27  Probe  
  44  3:32  Oracle  
  44  3:36  Pylon, Gateway  
  44  3:38  Probe  
  44  3:39  Probe  
  44  3:45  Adept  
  47  3:50  Probe  
  47  3:51  Probe  
  49  3:55  Pylon  
  49  3:58  Oracle  
  49  4:02  Probe  
  50  4:03  Probe  
  54  4:11  Gateway  
  54  4:14  Probe  
  53  4:17  Assimilator, Probe  
  53  4:20  Assimilator, Pylon  
  54  4:24  Gateway  
  54  4:26  Probe  
  54  4:28  Adept, Robotics Facility  
  54  4:30  Probe  
  58  4:34  Adept  
  61  4:38  Probe  
  61  4:42  Pylon  
  61  4:50  Phoenix  
  63  4:57  Adept  
  63  4:58  Pylon  
  65  5:00  Stalker  
  65  5:08  Probe  
  65  5:09  Nexus  
  65  5:11  Immortal  
  64  5:14  Probe  
  64  5:21  Probe  
  69  5:22  Sentry  
  69  5:25  Sentry  
  69  5:26  Probe  
  74  5:33  Probe  
  75  5:39  Probe  
  76  5:45  Probe  
  76  5:46  Observer  
  77  5:51  Probe  
  77  5:55  Forge, Sentry, Zealot x2  
  85  5:57  Probe  
  85  5:59  Twilight Council  
  85  6:00  Shield Battery  
  85  6:03  Pylon, Probe  
  87  6:06  Warp Prism  
  87  6:09  Probe  
  87  6:10  Protoss Ground Weapons Level 1  
  90  6:15  Probe  
  91  6:20  Gateway  
  91  6:21  Probe x2  
  91  6:25  Charge  
  93  6:27  Probe  
  93  6:28  Gateway  
  94  6:33  Probe x2  
  94  6:37  Immortal  
  94  6:38  Assimilator  
  94  6:39  Probe  
  97  6:41  Assimilator  
  97  6:45  Probe x2  
  103  6:51  Probe  
  104  6:57  Probe  
  105  7:03  Templar Archives  
  105  7:04  Gateway  
  105  7:05  Gateway  
  105  7:08  Gateway  
  105  7:12  Pylon, Zealot x3  
  105  7:15  Immortal  
  111  7:16  Photon Cannon  
  111  7:17  Pylon  
  115  7:34  Zealot  
  115  7:35  Zealot x4  
  125  7:42  Pylon  
  125  7:43  Pylon  
  125  7:47  Shield Battery  
  125  7:48  Shield Battery  
  125  7:49  Pylon  
  125  7:54  Gateway  
  125  7:57  High Templar x3  
  125  7:58  High Templar, Gateway  
  133  8:01  Protoss Ground Weapons Level 2  
  133  8:02  Archon  
  133  8:07  Pylon  
  133  8:08  Pylon  
  133  8:09  Zealot x4  
  141  8:14  Archon  
  141  8:17  Immortal  
  145  8:32  High Templar x4  
  145  8:33  Zealot x3  
  157  8:36  Archon x2  
  157  8:38  Pylon  
  157  8:41  Pylon  
  157  8:46  Zealot  
  159  8:50  Zealot  
  159  8:55  Zealot x2  
  163  9:01  Nexus  
  163  9:02  Pylon  
  163  9:10  Psionic Storm  
  163  9:12  High Templar x5  
  163  9:13  Zealot x2  
  177  9:17  Archon  
  177  9:18  Archon  
  177  9:22  Probe x3  
  180  9:34  Probe x2  
  180  9:35  High Templar  
  180  9:37  Assimilator  
  184  9:39  Assimilator  
  184  9:44  Photon Cannon  
  184  9:45  High Templar  
  186  9:46  Photon Cannon  
  186  9:49  Probe x2  
  186  9:50  Photon Cannon  
  186  9:51  Photon Cannon  
  188  9:53  Immortal, Photon Cannon  
  188  9:54  High Templar  
  188  9:59  Shield Battery  
  190  10:02  Shield Battery  
  190  10:07  Dark Shrine  
  190  10:17  Zealot x3  
  190  10:18  Zealot  
  196  10:21  Zealot x2  
  200  10:31  Zealot  
  190  10:39  High Templar x4  
  198  10:46  Zealot  
  194  10:51  Immortal  
  194  11:02  Fleet Beacon  
  194  11:03  Stargate  
  190  11:25  Stargate  
  185  11:32  High Templar, Nexus  
  185  11:33  High Templar x2  
  185  11:35  Pylon  
  185  11:37  Zealot x2  
  185  11:38  Zealot x3  
  199  11:46  Archon  
Show
View Real Time Build Order
Export as new Build Order

BlyOnFire Zerg 

Build Orders: Hatch First, Swarm Host 

Get SALT Encoding   

  12  0:01  Drone  
  13  0:12  Overlord  
  13  0:18  Drone  
  14  0:32  Drone x2  
  16  0:49  Hatchery  
  15  0:53  Drone  
  15  0:55  Drone  
  17  1:00  Drone  
  18  1:10  Extractor  
  17  1:16  Spawning Pool  
  16  1:18  Drone  
  16  1:23  Drone  
  18  1:34  Drone  
  19  1:44  Hatchery  
  18  1:48  Drone  
  19  2:03  Zergling x2, Queen  
  19  2:07  Drone x2  
  24  2:15  Queen  
  26  2:23  Overlord  
  26  2:29  Metabolic Boost  
  26  2:34  Zergling x2  
  26  2:36  Zergling x2  
  27  2:44  Queen  
  27  2:47  Zergling x2  
  27  2:49  Zergling x2  
  31  2:51  Drone  
  31  2:54  Drone  
  33  3:01  Drone x2  
  35  3:10  Drone x2  
  35  3:11  Drone  
  36  3:16  Queen  
  37  3:20  Zergling x4  
  38  3:31  Zergling x8  
  41  3:42  Drone x2  
  41  3:57  Lair  
  41  3:58  Overlord x2  
  41  4:07  Spore Crawler  
  39  4:10  Overlord  
  39  4:14  Zergling x6  
  40  4:18  Drone x3  
  40  4:23  Drone x2  
  45  4:31  Drone x3  
  48  4:35  Drone x2  
  50  4:45  Drone x5  
  55  4:56  Drone x7  
  61  5:03  Drone x4  
  61  5:04  Drone  
  64  5:10  Drone x3  
  64  5:13  Overlord  
  65  5:17  Extractor  
  65  5:19  Extractor, Infestation Pit  
  65  5:20  Extractor, Drone x4  
  64  5:26  Drone  
  65  5:31  Hydralisk Den  
  65  5:34  Spore Crawler  
  60  5:39  Drone x7  
  60  5:43  Drone  
  60  5:45  Drone x2  
  57  5:52  Drone x4  
  60  5:58  Spore Crawler  
  60  6:00  Drone x5  
  60  6:03  Drone  
  65  6:08  Extractor  
  65  6:09  Extractor, Drone x2  
  65  6:12  Grooved Spines  
  65  6:17  Drone  
  66  6:18  Overlord x2  
  66  6:25  Evolution Chamber  
  66  6:28  Drone  
  66  6:29  Overlord  
  66  6:32  Overlord x3  
  66  6:35  Overlord  
  74  6:45  Spore Crawler  
  77  6:53  Drone x4  
  65  7:02  Swarm Host x4  
  65  7:06  Nydus Network, Zergling x2  
  65  7:07  Zergling x2  
  78  7:10  Swarm Host  
  81  7:19  Swarm Host x2  
  81  7:22  Hatchery  
  86  7:24  Swarm Host  
  89  7:31  Swarm Host  
  92  7:39  Hydralisk x3  
  92  7:42  Zergling x16, Spore Crawler  
  105  7:47  Nydus Canal  
  104  7:53  Muscular Augments  
  104  8:02  Nydus Canal  
  104  8:07  Drone x2  
  104  8:08  Drone x3  
  104  8:09  Drone x2  
  104  8:10  Drone  
  112  8:13  Overlord x2  
  111  8:24  Overseer  
  111  8:25  Hydralisk x5  
  120  8:50  Nydus Canal  
  120  8:52  Hydralisk x9  
  120  8:54  Overlord x2  
  132  8:57  Overlord  
  132  8:59  Zerg Missile Weapons Level 1  
  131  9:05  Hydralisk x2  
  129  9:10  Zergling x2  
  129  9:11  Zergling x10, Overlord  
  135  9:26  Zergling x18  
  135  9:29  Baneling Nest  
  143  9:42  Nydus Canal  
  143  9:44  Hatchery  
  142  9:50  Drone  
  142  9:51  Drone x6  
  149  9:57  Hive, Spire  
  147  10:03  Extractor  
  147  10:06  Extractor, Overseer  
  144  10:07  Zergling x24  
  156  10:14  Nydus Canal  
  156  10:18  Centrifical Hooks  
  149  10:37  Nydus Canal  
  147  10:48  Zergling x18  
  147  10:49  Overlord  
  142  10:59  Overlord x5  
  142  11:02  Baneling x9, Hydralisk Den  
  135  11:07  Baneling x3  
  117  11:24  Drone x13  
  129  11:32  Baneling x11  
  128  11:38  Overseer  
Tags
 
Add a new tag
Caveats
  • Supply blocks, unpowered buildings, or Contaminate may cause inaccurate times.
  • Supply counts are checked every 10 seconds.